 Dungeon Crawl Stone Soup version 0.28.0 (webtiles) character file.

Game seed: 10038169496551659428

154 mopl the Skirmisher (level 5, -7/42 HPs)
             Began as a Merfolk Fighter on Feb 16, 2022.
             Mangled by a shadow (12 damage)
             ... created by the darkness of Dithmenos
             ... on level 2 of the Dungeon.
             The game lasted 00:01:59 (1528 turns).

mopl the Skirmisher (Merfolk Fighter)               Turns: 1528, Time: 00:02:00

Health: -7/42      AC:  6    Str: 19    XL:     5   Next: 35%
Magic:  5/5        EV: 10    Int:  7    God:
Gold:   41         SH:  4    Dex: 13    Spells: 4/4 levels left

rFire   . . .      SeeInvis .   m - +0 spear (venom)
rCold   . . .      Faith    .   c - +0 buckler
rNeg    . . .      Spirit   .   b - +0 scale mail
rPois   .          Reflect  .   (no helmet)
rElec   .          Harm     .   (no cloak)
rCorr   .          Rampage  .   (no gloves)
Will    .....                   (no boots)
Stlth   ..........              (no amulet)
HPRegen 0.14/turn               (no ring)
MPRegen 0.09/turn               (no ring)

@: no status effects
A: (nimble swimmer 2), mertail
a: no special abilities


You were on level 2 of the Dungeon.
You visited 1 branch of the dungeon, and saw 2 of its levels.

You collected 41 gold pieces.

Inventory:

Hand Weapons
 a - a +0 long sword
 m - a +0 spear of venom (weapon)
Missiles
 h - 3 poisoned darts (quivered)
Armour
 b - a +0 scale mail (worn)
 c - a +0 buckler (worn)
Scrolls
 e - a scroll of teleportation {unknown}
 g - 2 scrolls of fear {unknown}
 i - 2 scrolls of identify {unknown}
 k - a scroll of amnesia {unknown}
 n - a scroll of blinking {unknown}
Potions
 d - 2 potions of might
 f - a potion of lignification {unknown}
 j - 2 potions of brilliance {unknown}
 l - a potion of mutation {unknown}


   Skills:
 + Level 4.0 Fighting
 * Level 3.9 Long Blades
 + Level 2.6 Armour
 + Level 2.3 Dodging
 - Level 1.0 Stealth
 - Level 3.0 Shields
 + Level 1.0 Invocations


You had 4 spell levels left.
You didn't know any spells.
Your spell library was empty.

Dungeon Overview and Level Annotations

Branches:
Dungeon (2/15)

Altars:
Dithmenos

Shops:
D:2 [


Innate Abilities, Weirdness & Mutations

((You are very nimble when in or above water. (Stealth+, EV+, Speed+++)))
Your lower body shifts to a powerful aquatic tail in water.


Message History

The stone hits the shadow demon but does no damage.
The goblin shoots a stone.
You block the stone.
You closely miss the shadow demon.
The shadow demon is lightly wounded.
A goblin comes into view.
It is wielding a +1 dagger of distortion.
The goblin shoots a stone.
The stone hits you but does no damage. The kobold hits you but does no damage.
The shadow demon hits you.
The shadow slips into darkness.
The shadow flickers and vanishes!
Deactivating autopickup; reactivate with Ctrl-A.
Unknown command.
You hit something.
The goblin shoots a stone.
You block the stone. The adder bites you but does no damage.
The shadow strikes at you from the darkness!
Ouch! That really hurt!
Reactivating autopickup.
The shadow demon gestures.
Unknown command.
You block the adder's attack.
The goblin shoots a stone.
The stone hits you but does no damage. The adder bites you.
* * * LOW HITPOINT WARNING * * *
You are poisoned.
The adder poisons you!
You feel sick.
The goblin unwields a +0 hunting sling.
The goblin wields a +0 dagger.
You block the goblin's attack.
The shadow demon gestures.
The shadow slips into darkness.
The shadow flickers and vanishes!
Deactivating autopickup; reactivate with Ctrl-A.
The shadow demon hits you but does no damage.
The kobold throws a stone.
You block the stone.
You feel sick. The goblin hits you with a +0 dagger.
* * * LOW HITPOINT WARNING * * *
Unknown command.
You feel sick. You block the goblin's attack. The quokka closely misses you.
You feel sick.
You are no longer poisoned.
The goblin hits you with a +0 dagger.
* * * LOW HITPOINT WARNING * * *
The shadow strikes at you from the darkness!
You die...

...........#.#
....)......#.#
.............#
.......#...#######
##.#...#.#...r...#
##...#...#..B2SS.#
##..##.†....K.2gr#
##..#.........g{.#
#..#..####......@#
#..#.#
#..........# #..#.
#..........# #....
#..........# .#
##.........#
#.........#
#.........#
#.........#


You could see 2 shadow demons, an adder, 2 quokkas, a giant cockroach
(summoned), 2 goblins, a ball python (summoned) and a kobold.

Vanquished Creatures
  Jessica (D:2)
  Natasha (thrice) (D:2)
  An adder (D:1)
  A worm (D:2)
  3 dart slugs
  A ball python (D:1)
  3 endoplasms
  2 giant cockroaches
  A goblin (D:1)
  2 hobgoblins (D:1)
  4 jackals (D:1)
  6 kobolds
  A quokka (D:1)
  5 bats
  3 frilled lizards (D:2)
  2 rats (D:1)
39 creatures vanquished.

Notes
Turn   | Place    | Note
-------+----------+-------------------------------------------
     0 | D:1      | mopl the Merfolk Fighter began the quest for the Orb.
     0 | D:1      | Reached XP level 1. HP: 18/18 MP: 1/1
   248 | D:1      | Reached XP level 2. HP: 24/24 MP: 2/2
   335 | D:1      | Reached skill level 1 in Dodging
   671 | D:1      | Reached XP level 3. HP: 29/29 MP: 3/3
   865 | D:2      | Noticed Natasha
   879 | D:1      | Reached skill level 3 in Long Blades
  1312 | D:2      | Killed Natasha
  1313 | D:2      | Reached XP level 4. HP: 35/37 MP: 4/4
  1329 | D:2      | Found a faded altar of an unknown god.
  1342 | D:2      | Noticed Jessica
  1348 | D:2      | Prayed at the altar of an unknown god.
  1348 | D:2      | Became a worshipper of Dithmenos the Shadowed
  1348 | D:2      | Reached * piety under Dithmenos
  1349 | D:2      | Killed Jessica
  1350 | D:2      | Reached skill level 2 in Dodging
  1391 | D:2      | Noticed Natasha
  1400 | D:2      | Killed Natasha
  1401 | D:2      | Reached skill level 4 in Fighting
  1401 | D:2      | Reached XP level 5. HP: 42/42 MP: 5/5
  1411 | D:2      | Noticed Natasha
  1418 | D:2      | Killed Natasha
  1419 | D:2      | Reached skill level 1 in Stealth
  1479 | D:2      | Fell from the grace of Dithmenos
  1488 | D:2      | Reached skill level 1 in Invocations
  1500 | D:2      | Found Gobbagur's Antique Armour Shop.
  1519 | D:2      | Noticed a shadow
  1519 | D:2      | Noticed a shadow demon
  1519 | D:2      | Noticed a shadow demon
  1528 | D:2      | Mangled by a shadow

Illustrated notes

Levels and vault maps discovered:
D:1:      amcnicky_arrival_wind_blow, layout_basic
D:2:      layout_rooms, serial_shops, nicolae_shop_advertising_works
          [nicolae_subvault_shop_adworks], dreamdust_ecumenical_altar_statues,
          uniq_natasha, uniq_jessica

Skill      XL: |  1  2  3  4  5 |
---------------+----------------+-----
Dodging        | 1 2 |  2.3
Long Blades    | 3 |  3.9
Fighting       | 4 |  4.0
Stealth        | 1 |  1.0
Invocations    | 1 |  1.0
Armour         | |  2.6
Shields        | |  3.0

Action                   |  1- 3 |  4- 6 || total
-------------------------+-------+-------++-------
Melee: Long sword        |    84 |    30 ||   114
       Spear             |       |    10 ||    10
Throw: Dart              |     2 |       ||     2
Invok: Renounce Religion |       |     1 ||     1
Armor: Scale mail        |    36 |    28 ||    64
Dodge: Dodged            |    64 |    19 ||    83
Block: Buckler           |    26 |     9 ||    35
